 Dungeon Crawl Stone Soup version 0.21-a0-225-g207ae17 (webtiles) character file.

378 tidbits the Fighter (level 6, 64/91 HPs)
             Began as a Draconian Wanderer on Aug 28, 2017.
             Quit the game on level 5 of the Dungeon.
             The game lasted 00:07:34 (924 turns).

tidbits the Fighter (Draconian Wanderer)             Turns: 924, Time: 00:07:35

Health: 64/91      AC: 23    Str: 14    XL:     6   Next: 45%
Magic:  6/6        EV:  2    Int: 11    God:
Gold:   98         SH:  0    Dex: 14    Spells: 5/5 levels left

rFire    . . .     SeeInvis .   o - -1 falchion (curse)
rCold    . . .     Gourm    .   (no shield)
rNeg     + + +     Faith    .   (armour unavailable)
rPois    +         Spirit   .   (helmet currently unavailable)
rElec    .         Reflect  .   (cloak currently unavailable)
rCorr    .         Harm     .   (gloves currently unavailable)
MR       .....     NoTele   +   (boots currently unavailable)
Stlth    +.........             (no amulet)
HPRegen  0.25/turn              m - ring of loudness (curse)
MPRegen  0.10/turn              (no ring)

@: tree-form
A: unfitting armour, AC +6
a: no special abilities


You were on level 5 of the Dungeon.
You were not hungry.
You were a tree.
You visited 1 branch of the dungeon, and saw 5 of its levels.

You collected 98 gold pieces.

Inventory:

Hand Weapons
 a - a +1 short sword of speed
   (You found it on level 4 of the Dungeon)
 o - a cursed -1 falchion (weapon)
 t - a +0 hunting sling
 u - a +2 falchion
Missiles
 e - 122 stones (quivered)
 f - 98 arrows
Armour
 g - a scarf of spirit shield (melded)
   (You found it on level 1 of the Dungeon)
 j - a +0 plate armour
 k - a scarf of cloud immunity
   (You found it on level 1 of the Dungeon)
Jewellery
 m - a cursed ring of loudness (left branch)
   (You found it on level 3 of the Dungeon)
Scrolls
 b - 5 scrolls of teleportation
 n - 3 scrolls of identify
Potions
 v - a potion of berserk rage
Comestibles
 c - 4 bread rations
 d - a meat ration
 h - 2 fruits
 i - 2 royal jellies


   Skills:
 + Level 8.1 Fighting
 - Level 2.0 Long Blades
 - Level 2.6 Dodging
 - Level 1.0 Stealth
   Level 1.0 Shields


You had 5 spell levels left.
You didn't know any spells.

Dungeon Overview and Level Annotations

Branches:
Dungeon (5/15)
 Temple: D:4-7

Altars:


Innate Abilities, Weirdness & Mutations

((Your plain brown scales are hard. (AC +6)))
You cannot fit into any form of body armour.
((You are cold-blooded and may be slowed by cold attacks.))


Message History

The ice beast is lightly wounded.
The ice beast hits you but does no damage.
You hit the ice beast.
The ice beast is lightly wounded.
The ice beast hits you but does no damage.
You hit the ice beast but do no damage.
The ice beast is lightly wounded.
You hit the ice beast but do no damage.
The ice beast is lightly wounded.
The ice beast hits you but does no damage.
You hit the ice beast.
The ice beast is moderately wounded.
The ice beast hits you but does no damage.
You hit the ice beast but do no damage.
The ice beast is moderately wounded.
You hit the ice beast.
The ice beast is moderately wounded.
The ice beast hits you but does no damage.
You hit the ice beast.
The ice beast is heavily wounded.
The ice beast hits you but does no damage.
You hit the ice beast.
The ice beast is heavily wounded.
You hit the ice beast.
The ice beast is severely wounded.
The ice beast completely misses you.
You hit the ice beast.
The ice beast is severely wounded.
The ice beast hits you but does no damage.
You hit the ice beast.
The ice beast is almost dead.
You hit the ice beast but do no damage.
The ice beast is almost dead.
The ice beast hits you but does no damage.
You hit the ice beast but do no damage.
The ice beast is almost dead.
The ice beast completely misses you.
You barely miss the ice beast.
The ice beast is almost dead.
The ice beast completely misses you.
You barely miss the ice beast.
The ice beast is almost dead.
You hit the ice beast but do no damage.
The ice beast is almost dead.
The ice beast barely misses you.
You hit the ice beast.
The ice beast is almost dead.
The ice beast hits you. The ice beast freezes you!
You hit the ice beast.
You kill the ice beast!
Your Fighting skill increases to level 8!
What are your orders? t - Creak!
Orders for allies: a - Attack new target. r - Retreat! s - Stop attacking. g - Guard the area. f - Follow me.
Anything else - Cancel.
You creak for attention!
What are your orders? t - Creak!
Orders for allies: a - Attack new target. r - Retreat! s - Stop attacking. g - Guard the area. f - Follow me.
Anything else - Cancel.
You creak for attention!
Wield which item (- for none, * to show all)? (? for menu, Esc to quit)
n - 3 scrolls of identify (in branch)
You swing at nothing.
A quokka skeleton comes into view.
You swing at nothing.
You swing at nothing.
You swing at nothing.
You swing at nothing.
The quokka skeleton bites you but does no damage.
Wield which item (- for none, * to show all)? (? for menu, Esc to quit)
You are now empty-handed.
Really attack barehanded?
Okay, then.
Really attack barehanded?
You hit the quokka skeleton.
The quokka skeleton is lightly damaged.
The quokka skeleton bites you but does no damage.
You barely miss the quokka skeleton.
The quokka skeleton is lightly damaged.
The quokka skeleton bites you but does no damage.
You smack the quokka skeleton!
You destroy the quokka skeleton!
Wield which item (- for none, * to show all)? (? for menu, Esc to quit)
It sticks to your branch!
o - a cursed -1 falchion (weapon)
As you read the scroll labeled KIXAESKIEMIG, it crumbles to dust.
You feel aware of your surroundings.
You sensed 1 altar.
It was a scroll of magic mapping.
As you read the scroll labeled JOBUHI ZAOFUYC, it crumbles to dust.
You hear a loud clanging noise!
It was a scroll of noise.
As you read the scroll labeled PEIZIPT ZETICHEAHU, it crumbles to dust.
The air around you briefly surges with heat, but it dissipates.
It was a scroll of immolation.
Are you sure you want to abandon this character and quit the game? (Confirm with "yes".)

**,****,**,,,,,,,,*#....<.....(..
,,,,,,,,**,,,..#,....####.##.....
,,,,****,,,*,,..,.,,,**#..##.....
,,,** **,,,,,,..**,*,,...........
,*,****,,*****,.##,,*###.###.#.##
**,,,,,,** **..#*,***#.* #.#..*
****,,,,**** *#.#*,,,*#.* #.##.#
*,,,,,,,,,,** #.####....* #.#*..
,,,,,,,,,*,,*###♣(.....#** *,**,,
*,,,,,,,,**,*#.<........*###....#
*,,,,,,,,*#....##.......,,.......
*,,,,,,,.......,,......#,*#...#..
*,,,,,,,.#..###,*#....##.##.)....
,,,,,,,,,##,,,,,,,.............#.
,,,,,,,,,******,,,...........#...
,,,,,,,,,* **,*#...#....#...#.
*******,** *,,,......#...#...


There were no monsters in sight!

Vanquished Creatures
  An ice beast (D:5)
  A howler monkey (D:4)
  A crimson imp (D:4)
  2 hounds
  A centaur skeleton (D:4)
  An iguana (D:4)
  A worker ant (D:4)
  A howler monkey skeleton (D:5)
  2 adders
  A dart slug (D:1)
  3 leopard geckos
  2 orcs (D:3)
  6 bats
  3 goblins
  5 hobgoblins
  2 jackals (D:1)
  11 kobolds
  A quokka skeleton (D:5)
  4 rats
49 creatures vanquished.

Notes
Turn   | Place    | Note
-------+----------+-------------------------------------------
     0 | D:1      | tidbits the Draconian Wanderer began the quest for the Orb.
     0 | D:1      | tidbits set off with: a +2 falchion, 2 scrolls of teleportation, a bread ration
     0 | D:1      | Reached XP level 1. HP: 19/19 MP: 1/1
    65 | D:1      | Reached XP level 2. HP: 27/27 MP: 2/2
   113 | D:1      | Reached skill level 4 in Fighting
   175 | D:2      | You fall through a shaft!
   260 | D:2      | Reached XP level 3. HP: 10/34 MP: 3/3
   528 | D:3      | You fall through a shaft for 2 floors!
   528 | D:5      | Entered Level 5 of the Dungeon
   576 | D:5      | Reached skill level 5 in Fighting
   576 | D:5      | Reached XP level 4. HP: 19/42 MP: 2/4
   622 | D:4      | Reached skill level 6 in Fighting
   622 | D:4      | Reached XP level 5. HP: 18/50 MP: 3/5
   680 | D:4      | HP: 3/51 [iguana (9)]
   681 | D:4      | Reached skill level 7 in Fighting
   702 | D:4      | HP: 3/52 [kobold/club (3)]
   721 | D:4      | HP: 3/52 [centaur skeleton (3)]
   726 | D:4      | Reached XP level 6. HP: 27/60 MP: 3/6
   882 | D:5      | Noticed an ice beast
   907 | D:5      | Killed an ice beast
   907 | D:5      | Reached skill level 8 in Fighting
   924 | D:5      | Quit the game

Vault maps used:
D:1:      mrwooster_arrival_arrow
D:2:      minmay_misc_feat_roman
D:3:      first_bread, uniq_grinder
D:4:      cheibrodos_thug_alley, uniq_robin
D:5:      lemuel_round_altar, hex_large

Skill      XL: |  1  2  3  4  5  6 |
---------------+-------------------+-----
Fighting       | 4 5 6 7 8 |  8.1
Long Blades    | |  2.0
Dodging        | |  2.6
Stealth        | |  1.0
Shields        | |  1.0

Action                   |  1- 3 |  4- 6 || total
-------------------------+-------+-------++-------
Melee: Falchion          |    71 |     9 ||    80
       Tailslap          |     8 |    12 ||    20
       Short sword       |       |    75 ||    75
       Unarmed           |       |     3 ||     3
Throw: Stone             |     1 |       ||     1
  Use: Potion            |       |     4 ||     4
       Scroll            |       |     5 ||     5
Armor: Skin              |    20 |    22 ||    42
Dodge: Dodged            |    56 |    45 ||   101
       Rpst.: Falchion   |    18 |     6 ||    24

Table legend:
 A = Spawn XP
 B = Non-spawn XP
 C = Spawn XP percentage of total XP
 D = Spawn monster count
 E = Non-spawn monster count
 F = Spawn count percentage of total count
 G = Total turns spent on level
                    A         B        C        D         E        F      G
               +---------+---------+-------+---------+---------+-------+---------
         Total |       5 |     536 |   0.9 |       3 |      46 |   6.1 |   924
               +---------+---------+-------+---------+---------+-------+---------
           D:1 |       1 |      29 |   3.3 |       1 |      16 |   5.9 |   285
           D:2 |       0 |       7 |   0.0 |       0 |       5 |   0.0 |   193
           D:3 |       0 |      28 |   0.0 |       0 |       8 |   0.0 |   189
           D:4 |       3 |     280 |   1.1 |       1 |      13 |   7.1 |   156
           D:5 |       1 |     192 |   0.5 |       1 |       4 |  20.0 |   101
               +---------+---------+-------+---------+---------+-------+---------

Table legend:
 A = Turns spent in this place as a percentage of turns spent in the entire game.
 B = Non-inter-level travel turns spent in this place as a percentage of non-inter-level travel turns spent in the entire game.
 C = Inter-level travel turns spent in this place as a percentage of turns spent in this place.
 D = Turns resting spent in this place as a percentage of non-inter-level travel turns spent in this place.
 E = Turns spent auto-exploring this place as a percentage of non-inter-level travel turns spent in this place.
 F = Non-inter-level travel turns spent in this place divided by the number of levels of this place that you've seen.
                   A       B       C       D       E      F
               +-------+-------+-------+-------+-------+----------------------
         Total | 100.0 | 100.0 |   5.5 |   0.0 |   0.0 | 174.6
       Dungeon | 100.0 | 100.0 |   5.5 |   0.0 |   0.0 | 174.6
               +-------+-------+-------+-------+-------+----------------------

Table legend:
 A = Kills in this place as a percentage of kills in entire the game.
 B = Kills by you in this place as a percentage of kills by you in the entire game.
 C = Kills by friends in this place as a percentage of kills by friends in the entire game.
 D = Other kills in this place as a percentage of other kills in the entire game.
 E = Experience gained in this place as a percentage of experience gained in the entire game.
 F = Experience gained in this place divided by the number of levels of this place that you have seen.
                   A       B       C       D       E      F
               +-------+-------+-------+-------+-------+----------------------
         Total | 100.0 | 100.0 |   N/A |   N/A | 100.0 | 108.2
       Dungeon | 100.0 | 100.0 |   N/A |   N/A | 100.0 | 108.2
               +-------+-------+-------+-------+-------+----------------------

Vault maps used:
D:1:      mrwooster_arrival_arrow
D:2:      minmay_misc_feat_roman
D:3:      first_bread, uniq_grinder
D:4:      cheibrodos_thug_alley, uniq_robin
D:5:      lemuel_round_altar, hex_large
